 Dungeon Crawl Stone Soup version 0.21-a0-91-ga5031da (webtiles) character file.

16372 KristoblXynda the Covert (level 12, -1/62 HPs)
             Began as a Kobold Enchanter on June 29, 2017.
             Was an Elder of Ashenzari.
             Slain by a five-headed hydra (2 damage)
             ... on level 11 of the Dungeon.
             The game lasted 00:40:23 (15211 turns).

KristoblXynda the Covert (Kobold Enchanter)        Turns: 15211, Time: 00:40:24

Health: -1/62      AC:  6    Str:  8    XL:     12   Next: 69%
Magic:  26/26      EV: 18    Int: 18    God:    Ashenzari [****..]
Gold:   511        SH:  8    Dex: 18    Spells: 16/31 levels left

rFire    . . .     SeeInvis +   b - +2 dagger (venom) (curse)
rCold    + . .     Gourm    .   z - +1 buckler (curse)
rNeg     + . .     Faith    .   q - +1 robe {rN+} (curse)
rPois    .         Spirit   .   (helmet restricted)
rElec    .         Reflect  .   w - +1 cloak (curse)
rCorr    .         Harm     .   j - +0 pair of gloves (curse)
MR       .....     Clarity  +   (no boots) Stlth +++++.....Rnd*Tele +
                                (no amulet)
HPRegen  0.20/turn              (no ring)
MPRegen  0.20/turn              (no ring)

@: no status effects
A: antennae 1, hooves 1, agile 1, carnivore 3, cold resistance 1, teleportitis
1, MP-powered wands
a: Curse Item, Scrying, Renounce Religion


You were on level 11 of the Dungeon.
You worshipped Ashenzari.
Ashenzari was greatly pleased with you.
You were completely stuffed.

You visited 2 branches of the dungeon, and saw 13 of its levels.

You collected 724 gold pieces.
You spent 213 gold pieces at shops.

Inventory:

Hand Weapons
 b - a cursed +2 dagger of venom (weapon)
Missiles
 F - 2 throwing nets (quivered)
Armour
 j - a cursed +0 pair of gloves (worn)
 q - a cursed +1 robe of positive energy (worn)
 w - a cursed +1 cloak (worn)
 y - a cursed +1 helmet
 z - a cursed +1 buckler (worn)
Jewellery
 K - an uncursed amulet of faith
Wands
 i - a wand of paralysis (6/24)
 r - a wand of lightning (6/15)
 s - a wand of iceblast (3/15)
Scrolls
 f - a scroll of immolation
 g - 2 scrolls of remove curse
 n - 2 scrolls of recharging
 o - a scroll of amnesia
 x - a scroll of identify
 A - 3 scrolls of teleportation
 L - a scroll of vulnerability {unknown}
Potions
 k - a potion of resistance
 l - 2 potions of might
 p - 2 potions of curing
 t - 2 potions of agility
 u - a potion of brilliance
 v - a potion of flight
 C - a potion of mutation
 D - 2 potions of cancellation
 E - a potion of berserk rage
 J - a potion of ambrosia
Books
 a - a book of Minor Magic

   Spells                             Type                      Level
   a - Magic Dart                     Conjuration                  1
   b - Blink                          Translocation                2
   c - Call Imp                       Summoning                    2
   d - Slow                           Hexes                        2
   e - Conjure Flame                  Conjuration/Fire             3
   f - Mephitic Cloud                 Conjuration/Poison/Air       3
 c - a book of Maledictions

   Spells                             Type                      Level
   a - Corona                         Hexes                        1
   b - Ensorcelled Hibernation        Hexes/Ice                    2
   c - Confuse                        Hexes                        3
   d - Tukima's Dance                 Hexes                        3
   e - Dazzling Spray                 Conjuration/Hexes            3
 e - a book of Necromancy

   Spells                             Type                      Level
   a - Pain                           Necromancy                   1
   b - Animate Skeleton               Necromancy                   1
   c - Vampiric Draining              Necromancy                   3
   d - Regeneration                   Charms/Necromancy            3
   e - Animate Dead                   Necromancy                   4
   f - Control Undead                 Necromancy                   4
 m - a book of Changes

   Spells                             Type                      Level
   a - Beastly Appendage              Transmutation                1
   b - Sticks to Snakes               Transmutation                2
   c - Spider Form                    Transmutation/Poison         3
   d - Ice Form                       Ice/Transmutation            4
   e - Blade Hands                    Transmutation                5
 I - a book of Transfigurations

   Spells                             Type                      Level
   a - Irradiate                      Conjuration/Transmutation    5
   b - Statue Form                    Transmutation/Earth          6
   c - Hydra Form                     Transmutation                6
   d - Dragon Form                    Transmutation                7
Miscellaneous
 B - a phial of floods
Comestibles
 d - 8 meat rations
 h - 3 royal jellies
 H - 5 chunks of flesh


   Skills:
 + Level 1.9 Fighting
 - Level 5.0(8.4) Short Blades
 - Level 3.2(5.2) Dodging
 - Level 10.8(12.8) Stealth
 - Level 4.5(6.7) Shields
 + Level 10.0 Spellcasting
 + Level 10.2 Hexes
 + Level 4.1 Necromancy
 + Level 4.1 Transmutations
 - Level 10.0 Evocations


You had 16 spell levels left.
You knew the following spells:

 Your Spells              Type           Power        Failure   Level  Hunger
a - Corona                Hex            #####..      1%          1    None
b - Ensorcelled Hibernat  Hex/Ice        ####..       1%          2    None
c - Confuse               Hex            #####...     1%          3    None
d - Regeneration          Chrm/Necr      ###.......   11%         3    None
e - Statue Form           Tmut/Erth      ###......    99%         6    ######.


Dungeon Overview and Level Annotations

Branches:
Dungeon (12/15)            Temple (1/1) D:4            Lair (0/6) D:10
    Orc: D:9-12

Altars:
Ashenzari
Cheibriados
Dithmenos
Elyvilon
Fedhas
Gozag
Hepliaklqana
Kikubaaqudgha
Makhleb
Nemelex Xobeh
Okawaru
Qazlal
Ru
Sif Muna
Trog
Uskayaw
Vehumet
Wu Jian
Xom
Yredelemnul
Zin
The Shining One

Shops:
D:9 *


Innate Abilities, Weirdness & Mutations

You are small and have problems with some larger weapons.
You are carnivorous and can eat meat at any time.
You have a pair of small antennae on your head.
You have large cloven feet.
You are agile. (Dex +2)
Your flesh is cold resistant. (rC+)
You are occasionally teleported next to monsters.
You expend magic power (3 MP) to strengthen your wands.


Message History

You block the five-headed hydra's attack.
The five-headed hydra bites you! The five-headed hydra bites you.
The five-headed hydra closely misses you. x2
Unknown command.
There is an escape hatch in the ceiling here.
The five-headed hydra bites you. The five-headed hydra bites you!
* * * LOW HITPOINT WARNING * * *
The five-headed hydra bites you.
* * * LOW HITPOINT WARNING * * *
You block the five-headed hydra's attack.
The five-headed hydra bites you.
* * * LOW HITPOINT WARNING * * *
A mysterious force pulls you upwards. The hatch slams shut behind you.
A worker ant comes into view.
Unknown command.
The five-headed hydra closely misses you.
The five-headed hydra bites you but does no damage.
You block the five-headed hydra's attack.
The five-headed hydra bites you.
You die...

....#.....#...#..................
....#.....'...+..................
....#.....#...#..................
....#.....#...#..................
....#.....#####...###'#####...#(.
....#........a[...#...#...#...#..
#####.............#...'...'...#..
..[.............D.#...#...#...#..
................@.######'##...#..
........[.#########...#...#...#..
#####.............#...#...+...#..
..................#...'...#...#..
..................#...#...#####..
..................#...#...#......
....#.....#######'###.#...#......
....#.....#.........#.....#......
....#.....#.........#.....#......


You could see a five-headed hydra and a worker ant (wandering).

Vanquished Creatures
  5 two-headed ogres
  Urug (D:12)
  A wizard (D:8)
  An ugly thing (D:11)
  A cyclops (D:11)
  2 orc sorcerers (D:8)
  Joseph (D:8)
  Psyche (D:8)
  A merfolk (D:9)
  2 trolls
  2 hornets
  A hippogriff (D:10)
  Sigmund (D:5)
  6 yaks (D:12)
  2 hungry ghosts
  2 steam dragons (D:11)
  Menkaure (D:5)
  3 porcupines (D:10)
  7 orc warriors
  3 ice beasts
  3 sky beasts
  4 black bears
  6 ogres
  3 phantoms
  A necrophage (D:6)
  11 centaurs
  5 crocodiles (D:10)
  2 big kobolds (D:12)
  Blork the orc (D:5)
  7 bullfrogs
  A wyvern zombie (D:9)
  A wyvern skeleton (D:9)
  3 scorpions
  10 killer bees
  4 howler monkeys
  A crimson imp (D:11)
  A bullfrog zombie (D:9)
  4 jellies
  A quasit (D:10)
  12 orc priests
  3 bullfrog skeletons (D:9)
  A centaur skeleton (D:8)
  8 hounds
  9 orc wizards
  Ijyb (D:5)
  7 iguanas
  7 worker ants
  2 hound skeletons
  A howler monkey skeleton (D:5)
  14 adders
  An adder skeleton (D:9)
  2 worms
  5 leopard geckos
  67 orcs
  8 bats
  6 giant cockroaches
  10 goblins
  8 hobgoblins
  9 jackals
  8 kobolds
  3 quokkas
  5 ball pythons
  2 frilled lizards
  A leopard gecko skeleton (D:4)
  A quokka skeleton (D:8)
  2 rats
316 creatures vanquished.

Vanquished Creatures (collateral kills)
  A killer bee (D:9)
1 creature vanquished.

Vanquished Creatures (others)
  A fungus (D:10)
  6 plants (D:10)
7 creatures vanquished.

Grand Total: 324 creatures vanquished

Notes
Turn   | Place    | Note
-------+----------+-------------------------------------------
     0 | D:1      | KristoblXynda the Kobold Enchanter began the quest for the Orb.
     0 | D:1      | Reached XP level 1. HP: 10/10 MP: 3/3
   297 | D:1      | Reached XP level 2. HP: 5/15 MP: 5/5
   888 | D:1      | Learned a level 2 spell: Ensorcelled Hibernation
  1120 | D:1      | Reached XP level 3. HP: 19/19 MP: 0/6
  1967 | D:2      | Found a basalt altar of Yredelemnul.
  2533 | D:2      | Reached XP level 4. HP: 19/24 MP: 4/7
  2566 | D:2      | Learned a level 3 spell: Confuse
  2711 | D:3      | Found a stormy altar of Qazlal.
  2833 | D:3      | Reached skill level 5 in Stealth
  3133 | D:3      | Reached XP level 5. HP: 25/28 MP: 2/9
  4298 | D:4      | Reached XP level 6. HP: 32/32 MP: 7/10
  4378 | D:4      | Found a bloodstained altar of Trog.
  4603 | D:4      | Noticed an ogre
  4622 | D:4      | Killed an ogre
  4942 | D:4      | Found a stormy altar of Qazlal.
  5134 | D:4      | Found a staircase to the Ecumenical Temple.
  5139 | Temple   | Entered the Ecumenical Temple
  5355 | Temple   | Became a worshipper of Ashenzari the Shackled
  5422 | D:4      | Reached XP level 7. HP: 36/36 MP: 12/12
  5626 | D:5      | Entered Level 5 of the Dungeon
  5837 | D:5      | Noticed Blork the orc
  5844 | D:5      | Killed Blork the orc
  5870 | D:5      | Noticed Menkaure
  5878 | D:5      | Killed Menkaure
  5878 | D:5      | Reached skill level 5 in Hexes
  5905 | D:5      | Noticed Ijyb
  5915 | D:5      | Killed Ijyb
  6145 | D:5      | Reached skill level 5 in Short Blades
  6145 | D:5      | Reached XP level 8. HP: 18/41 MP: 6/14
  6543 | D:5      | Found a radiant altar of Vehumet.
  6545 | D:5      | Found a glowing golden altar of the Shining One.
  6607 | D:5      | Found an iron altar of Okawaru.
  6654 | D:5      | Noticed Sigmund
  6657 | D:5      | Killed Sigmund
  6657 | D:5      | Reached skill level 1 in Evocations
  7150 | D:6      | Found a hide-covered altar of Uskayaw.
  7164 | D:6      | HP: 2/41 [bullfrog (7)]
  7168 | D:6      | Reached skill level 5 in Spellcasting
  7883 | D:6      | Found a sacrificial altar of Ru.
  7985 | D:6      | Reached XP level 9. HP: 44/44 MP: 13/17
  8088 | D:6      | Reached * piety under Ashenzari
  8342 | D:7      | Noticed a hornet
  8349 | D:7      | Killed a hornet
  8436 | D:7      | Learned a level 3 spell: Regeneration
  8647 | D:7      | Reached skill level 5 in Evocations
  9038 | D:7      | Reached skill level 10 in Stealth
  9088 | D:8      | Reached XP level 10. HP: 17/50 MP: 19/19
  9332 | D:8      | Reached skill level 1 in Shields
  9364 | D:8      | Noticed a two-headed ogre
  9396 | D:8      | Killed a two-headed ogre
  9634 | D:8      | Reached ** piety under Ashenzari
  9921 | D:8      | Noticed Psyche
  9960 | D:8      | Killed Psyche
 10428 | D:8      | Noticed a two-headed ogre
 10443 | D:8      | Killed a two-headed ogre
 10459 | D:8      | Reached XP level 11. HP: 32/54 MP: 17/22
 10466 | D:8      | Gained mutation: You have large cloven feet. [mutagenic meat]
 10467 | D:8      | Gained mutation: You are agile. (Dex +2) [mutagenic meat]
 10470 | D:8      | Gained mutation: You are partially covered in icy blue scales. (AC +2) [mutagenic meat]
 10472 | D:8      | Lost mutation: You are partially covered in icy blue scales. (AC +2) [mutagenic meat]
 10473 | D:8      | Gained mutation: Your flesh is cold resistant. (rC+) [mutagenic meat]
 10562 | D:8      | Noticed Joseph
 10571 | D:8      | Noticed an orc sorcerer
 10574 | D:8      | Killed Joseph
 10575 | D:8      | Noticed a wizard
 10575 | D:8      | Noticed an orc sorcerer
 10581 | D:8      | Killed an orc sorcerer
 10583 | D:8      | Killed a wizard
 10583 | D:8      | Killed an orc sorcerer
 10773 | D:9      | Found a shadowy altar of Dithmenos.
 10833 | D:9      | Found a blossoming altar of Fedhas.
 11538 | D:9      | Found Pyos's Assorted Antiques.
 11556 | D:9      | Bought a glowing rapier for 189 gold pieces
 11556 | D:9      | Bought a lumpy cyan potion for 24 gold pieces
 11649 | D:9      | Reached *** piety under Ashenzari
 11967 | D:9      | Noticed a green death
 11968 | D:9      | Found a burning altar of Makhleb.
 11972 | D:9      | Found a glowing silver altar of Zin.
 11972 | D:9      | Noticed an angel
 12229 | D:10     | Entered Level 10 of the Dungeon
 12334 | D:10     | Learned a level 6 spell: Statue Form
 12390 | D:10     | Found a staircase to the Lair.
 12582 | D:10     | Reached skill level 1 in Transmutations
 12589 | D:10     | Reached skill level 1 in Necromancy
 13122 | D:10     | Reached XP level 12. HP: 35/59 MP: 23/25
 13594 | D:11     | Noticed a two-headed ogre
 13601 | D:11     | Killed a two-headed ogre
 13843 | D:11     | Reached **** piety under Ashenzari
 14051 | D:11     | Gained mutation: You expend magic power (3 MP) to strengthen your wands. [mutagenic meat]
 14052 | D:11     | Gained mutation: You have a pair of small antennae on your head. [mutagenic meat]
 14053 | D:11     | Gained mutation: You are occasionally teleported next to monsters. [mutagenic meat]
 14202 | D:11     | Noticed a two-headed ogre
 14208 | D:11     | Killed a two-headed ogre
 14286 | D:11     | Noticed a two-headed ogre
 14296 | D:11     | Killed a two-headed ogre
 14296 | D:11     | Reached skill level 10 in Hexes
 14591 | D:11     | Reached skill level 10 in Evocations
 14846 | D:12     | Noticed Urug
 14848 | D:12     | Killed Urug
 14848 | D:12     | Reached skill level 1 in Fighting
 15152 | D:12     | Noticed a five-headed hydra
 15167 | D:12     | Reached skill level 10 in Spellcasting
 15174 | D:12     | HP: 1/62 [five-headed hydra (8)]
 15209 | D:12     | HP: 1/62 [five-headed hydra (5)]
 15211 | D:11     | Slain by a five-headed hydra

Vault maps used:
D:1:      moated_graveyard_arrival
D:2:      nicolae_overflow_crystal_walls, first_bread, minmay_misc_feat_roman
D:3:      eino_tiny_chamber, nicolae_qazlal_general_emergency
D:4:      kennysheep_mini, lemuel_doored_altar, minmay_temple_entry_grid,
          hangedman_decor_peaks_small
D:5:      lemuel_crystal_altar, grunt_temple_overflow_open, uniq_blork_the_orc,
          uniq_ijyb, uniq_menkaure, uniq_sigmund
D:6:      nicolae_ru_sacrificial_ziggurat, nicolae_overflow_hidden_temple
D:8:      cheibrodos_wizards_tower, uniq_psyche, uniq_joseph
D:9:      grunt_temple_overflow_order_and_chaos_2, old_standard_altar,
          nicolae_dithmenos_the_darkroom, serial_shops, nicolae_shop_stone,
          hangedman_fish_farm
D:10:     minmay_lair_entry_grove
D:12:     david_orc_5, minmay_misc_feat_four_crosses, uniq_urug
Temple:   zaba_magenta_temple

Skill      XL: |  1  2  3  4  5  6  7  8  9 10 11 12 |
---------------+-------------------------------------+-----
Dodging        | 3 |  3.2
Stealth        | 5 6 7 8 10 | 10.8
Short Blades   | 2 3 5 |  5.0
Hexes          | 4 5 6 7 8 9 10 | 10.2
Spellcasting   | 3 4 5 6 7 9 10 | 10.0
Evocations     | 3 5 7 9 10 | 10.0
Shields        | 3 4 |  4.5
Transmutations | 1 4 |  4.1
Necromancy     | 1 4 |  4.1
Fighting       | 1 |  1.9

Action                   |  1- 3 |  4- 6 |  7- 9 | 10-12 || total
-------------------------+-------+-------+-------+-------++-------
Melee: Dagger            |   149 |   144 |   354 |   703 ||  1350
       Kick              |       |       |       |   135 ||   135
 Cast: Ensorcelled Hiber |    15 |    17 |       |     5 ||    37
       Confuse           |       |     3 |    36 |    70 ||   109
Invok: Curse Item        |       |       |     4 |     2 ||     6
Evoke: Wand              |       |       |     2 |     7 ||     9
       Phial of floods   |       |       |       |     1 ||     1
  Use: Scroll            |       |     7 |    12 |     8 ||    27
       Potion            |       |       |     3 |     9 ||    12
 Stab: Sleeping          |    16 |    13 |    15 |    25 ||    69
       Distracted        |       |     1 |     1 |     3 ||     5
       Confused          |       |       |    14 |    37 ||    51
  Eat: Chunk             |    13 |    10 |    16 |    36 ||    75
Armor: Robe              |    44 |    19 |    55 |    67 ||   185
       Skin              |       |       |       |    35 ||    35
Dodge: Dodged            |   145 |   129 |   180 |   335 ||   789
Block: Buckler           |       |       |     1 |   159 ||   160
